cohdb
Replays
Latest Replays
All Replays
Popular Replays
Top Player Replays
Match Explorer
How It Works
Community
CoH3 Stats
Reddit
Sign in to upload your games and track your stats! →
Sign in with Steam
Match 45301318
Unlisted
Match 45301318
Overview
Messages
Build Orders
End
Construct Barracks
Selects Advanced Infantry Battlegroup
Riflemen Squad
Riflemen Squad
Grenade Package
Riflemen Squad
Construct Medical Station
Selects Convert to Ranger Squad
Convert to Ranger Squad
Infantry Support Center
k.twenty CZ
HONGHA
Bernadette La Chouette
BOOM YOU
Clowndog SierraLimaUniformTango
Clowndog Actual
Clowndog - Tango Fuckhead
ClownDog Whiskey Cawknoob
0
0
Comments
sign in to comment!
No comments posted yet!